 Dungeon Sprint DCSS version 0.26-a0-1164-g1a551d6a14 (webtiles) character file.

Game seed: 14159475804039451344

1069 rocky1 the Geomancer (level 8, -9/44 HPs)
             Began as a Deep Elf Earth Elementalist on Dec 24, 2020.
             Was a High Priest of Sif Muna.
             Mangled by a shadow wraith (20 damage)
             ... in the Dungeon (Sprint VII: "The Pits").
             The game lasted 00:08:44 (1123 turns).

rocky1 the Geomancer (Deep Elf Earth Elementalist)  Turns: 1123, Time: 00:08:45

Health: -9/44      AC:  3    Str:  5    XL:     8   Next: 7%
Magic:  4/24       EV: 14    Int: 23    God:    Sif Muna [*****.]
Gold:   0          SH:  0    Dex: 15    Spells: 14/28 levels left

rFire    . . .     SeeInvis .   n - +2 quarterstaff (speed)
rCold    . . .     Faith    .   (shield currently unavailable)
rNeg     . . .     Spirit   .   c - +0 robe
rPois    .         Reflect  .   (no helmet)
rElec    .         Harm     .   o - +0 cloak
rCorr    .         Rampage  .   (no gloves)
Will     .....     NoTele   +   (no boots)
Stlth    ++........             (no amulet)
HPRegen  0.14/turn              (no ring)
MPRegen  0.19/turn              (no ring)

@: slowed, very slow
A: no striking features
a: Renounce Religion, Channel Magic, Forget Spell, Divine Exegesis


You were in the Dungeon.
You worshipped Sif Muna.
Sif Muna was extremely pleased with you.
You visited 1 branch

Inventory:

Hand Weapons
 i - a +2 vampiric long sword
 m - a +4 quarterstaff of chaos
 n - a +2 quarterstaff of speed (weapon)
Missiles
 b - 26 stones (quivered)
Armour
 c - a +0 robe (worn)
 o - a +0 cloak (worn)
Scrolls
 j - 3 scrolls of remove curse
 k - 5 scrolls of amnesia
 l - a scroll of summoning
Potions
 a - 2 potions of invisibility
 d - 6 potions of curing
 f - a potion of haste
 g - 4 potions of magic
 h - 3 potions of berserk rage


   Skills:
 - Level 2.1 Fighting
 - Level 2.8 Staves
 - Level 2.1 Armour
 - Level 4.3 Dodging
 - Level 2.4 Stealth
 + Level 10.8 Spellcasting
 + Level 8.1 Conjurations
 - Level 1.1 Transmutations
 + Level 1.1 Fire Magic
 + Level 10.9 Earth Magic
 + Level 8.8 Invocations


You had 14 spell levels left.
You knew the following spells:

 Your Spells              Type           Power        Failure   Level
a - Sandblast             Erth           100%         1%          1
b - Stone Arrow           Conj/Erth      100%         1%          3
c - Lee's Rapid Deconstr  Erth           29%          1%          5
d - Bolt of Magma         Conj/Fire/Erth 21%          9%          5

Your spell library contained the following spells:

 Spells                   Type           Power        Failure   Level
 Passwall                 Tmut/Erth      33%          1%          2
 Petrify                  Tmut/Erth      40%          4%          4
 Animate Dead             Necr           6%           45%         4
 Lehudib's Crystal Spear  Conj/Erth      27%          100%        8
 Death's Door             Necr           6%           100%        9


Dungeon Overview and Level Annotations

Branches:
Dungeon (1/1)

Altars:
Ashenzari
Cheibriados
Dithmenos
Elyvilon
Fedhas
Gozag
Hepliaklqana
Kikubaaqudgha
Makhleb
Nemelex Xobeh
Okawaru
Qazlal
Ru
Sif Muna
Trog
Uskayaw
Vehumet
Wu Jian
Xom
Yredelemnul
Zin
The Shining One
Beogh
Jiyva
Lugonu


Message History

Ouch! That really hurt!
Unknown command.
Casting: Lee's Rapid Deconstruction (dangerous; 1% risk of failure)
Confirm with . or Enter, or press ? or * to list all spells.
Aiming: Lee's Rapid Deconstruction (dangerous; 1% risk of failure)
Press: ? - help, Dir - move target An open door.
The stone door frame shatters!
The blast of rock fragments hits something!
Something hits you!
* * * LOW HITPOINT WARNING * * *
Something drains your vigour!
You feel as though you will be slow longer.
You feel much better. Something hits you!!
Ouch! That really hurt!
* * * LOW HITPOINT WARNING * * *
Something drains your vigour!
You feel as though you will be slow longer.
Something hits you!!
You die...

#.#..'...#)##.......#
#.#..'...'.##.......#
#.#..########...<...#
#)#..'[))).##.......#
#.#).#[))).##.......#
#'###########.......#
#.).....#†)##########
#.###...#.## ###
#.#)†...#@# ...#
#.#...#.#)#.K..#
#.....#.#.†....+
#...###.#'#....#
#....[..'÷#....#
########### ####


There were no monsters in sight!

Vanquished Creatures
  An orc knight (D)
  A floating eye (D)
  A centaur (D)
  A small abomination (D)
  A scorpion (D)
  5 wights (D)
  Crazy Yiuf (D)
  A hound (D)
  A worker ant (D)
  An adder (D)
  A river rat (D)
  An orc (D)
  2 giant cockroaches (D)
  A goblin (D)
  A kobold (D)
  A quokka (D)
  2 ball pythons (D)
  2 frilled lizards (D)
  A quokka skeleton (D)
26 creatures vanquished.

Notes
Turn   | Place    | Note
-------+----------+-------------------------------------------
     0 | D        | rocky1 the Deep Elf Earth Elementalist began the quest for
                  | the Orb.
     0 | D        | Reached XP level 1. HP: 10/10 MP: 6/6
   194 | D        | Found a bloodstained altar of Trog.
   194 | D        | Found a shimmering blue altar of Sif Muna.
   194 | D        | Found a viscous altar of Jiyva.
   194 | D        | Found a hazy altar of Hepliaklqana.
   194 | D        | Found an opulent altar of Gozag.
   195 | D        | Found a glowing golden altar of the Shining One.
   195 | D        | Found a glowing silver altar of Zin.
   195 | D        | Found a basalt altar of Yredelemnul.
   195 | D        | Found a shimmering altar of Xom.
   195 | D        | Found an ornate altar of the Wu Jian Council.
   195 | D        | Found a sacrificial altar of Ru.
   195 | D        | Found a stormy altar of Qazlal.
   195 | D        | Found an iron altar of Okawaru.
   195 | D        | Found a sparkling altar of Nemelex Xobeh.
   195 | D        | Found a burning altar of Makhleb.
   195 | D        | Found a blossoming altar of Fedhas.
   195 | D        | Found a white marble altar of Elyvilon.
   195 | D        | Found a shadowy altar of Dithmenos.
   195 | D        | Found a snail-covered altar of Cheibriados.
   198 | D        | Found a corrupted altar of Lugonu.
   198 | D        | Found a radiant altar of Vehumet.
   198 | D        | Found a roughly hewn altar of Beogh.
   199 | D        | Found an ancient bone altar of Kikubaaqudgha.
   199 | D        | Found a hide-covered altar of Uskayaw.
   199 | D        | Found a broken altar of Ashenzari.
   202 | D        | Became a worshipper of Sif Muna the Loreminder
   243 | D        | Reached * piety under Sif Muna
   248 | D        | Reached skill level 5 in Earth Magic
   405 | D        | Reached ** piety under Sif Muna
   406 | D        | Reached XP level 2. HP: 15/15 MP: 4/8
   406 | D        | Noticed a floating eye
   410 | D        | Paralysed by a floating eye for 3 turns
   416 | D        | Paralysed by a floating eye for 3 turns
   419 | D        | Killed a floating eye
   420 | D        | Reached XP level 3. HP: 21/21 MP: 6/11
   420 | D        | Reached XP level 4. HP: 26/26 MP: 6/12
   424 | D        | Learned a level 3 spell: Stone Arrow
   502 | D        | Reached skill level 5 in Spellcasting
   502 | D        | Reached XP level 5. HP: 21/30 MP: 8/15
   599 | D        | Learned a level 5 spell: Lee's Rapid Deconstruction
   605 | D        | Reached *** piety under Sif Muna
   608 | D        | Reached skill level 5 in Invocations
   610 | D        | Reached XP level 6. HP: 35/35 MP: 2/18
   610 | D        | Reached **** piety under Sif Muna
   741 | D        | Reached skill level 5 in Conjurations
   795 | D        | Noticed an orc knight
   807 | D        | Killed an orc knight
   808 | D        | Reached skill level 10 in Spellcasting
   808 | D        | Reached skill level 10 in Earth Magic
   808 | D        | Reached XP level 7. HP: 13/40 MP: 7/22
  1017 | D        | Noticed Crazy Yiuf
  1018 | D        | Killed Crazy Yiuf
  1018 | D        | Reached ***** piety under Sif Muna
  1018 | D        | Identified Zaewk's Compendium of Sinister Conjuration (Sif
                  | Muna gifted it to you in the Dungeon)
  1018 | D        | Received a gift from Sif Muna
  1113 | D        | Learned a level 5 spell: Bolt of Magma
  1119 | D        | Reached skill level 1 in Fire Magic
  1119 | D        | Reached XP level 8. HP: 44/44 MP: 13/24
  1123 | D        | Mangled by a shadow wraith

Illustrated notes

Levels and vault maps discovered:
D:        pitsprint [storerooms_1, entrance_room_1, metal_vault_3, armoury_2,
          mini_pit_1, grid_room_1, main_hall_1, silver_pit, the_coven_1,
          the_vestibule_1, steel_vault_3, golden_pit, hallway_of_sentries,
          crystal_vault_2, iron_vault_1, final_vault]

Skill      XL: |  1  2  3  4  5  6  7 |
---------------+----------------------+-----
Earth Magic    | 6 7 8 10 | 10.9
Fighting       | 2 |  2.1
Staves         | 2 |  2.8
Armour         | 2 |  2.1
Dodging        | 4 |  4.3
Spellcasting   | 4 5 7 10 | 10.8
Invocations    | 3 5 8 |  8.8
Conjurations   | 2 4 7 8 |  8.1
Fire Magic     | 1 |  1.1
Stealth        | |  2.4
Transmutations | |  1.1

Action                   |  1- 3 |  4- 6 |  7- 9 || total
-------------------------+-------+-------+-------++-------
Melee: Unarmed           |    11 |       |       ||    11
       Quarterstaff      |    14 |     3 |       ||    17
 Cast: Sandblast         |     5 |     9 |       ||    14
       Lee's Rapid Decon |       |    11 |     7 ||    18
Invok: Channel Magic     |       |     1 |       ||     1
  Use: Potion            |       |     4 |     2 ||     6
       Scroll            |       |     1 |       ||     1
 Stab: Sleeping          |       |     1 |       ||     1
Armor: Robe              |     3 |       |       ||     3
Dodge: Dodged            |    16 |     4 |     4 ||    24

Table legend: (Time is in decaauts)
 A = Elapsed time spent in this place.
 B = Non-inter-level travel time spent in this place.
 C = Inter-level travel time spent in this place.
 D = Time resting spent in this place.
 E = Time spent auto-exploring this place.
 F = Levels seen in this place.
 G = Mean time per level.
                   A        B        C        D        E       F      G
               +--------+--------+--------+--------+--------+-----+--------+
         Total |   1127 |   1127 |      0 |    789 |      0 |   1 | 1127.0 |
       Dungeon |   1127 |   1127 |      0 |    789 |      0 |   1 | 1127.0 |
               +--------+--------+--------+--------+--------+-----+--------+

Top non-repeatable levels by time:
       D: 1127 daAuts
